 Dungeon Crawl Stone Soup version 0.31.0-12-g77e489cdc1 (webtiles) character file.

Game seed: 3365785426794713204

456554 12345 the Worldbinder (level 24, -14/156 (160) HPs)
             Began as a Tengu Summoner on Mar 4, 2024.
             Was a High Priest of Ru.
             Killed from afar by an ice dragon (21 damage)
             ... with a blast of cold
             ... on level 2 of the Depths on Mar 5, 2024.
             The game lasted 04:16:35 (67005 turns).

12345 the Worldbinder (Tengu Summoner)             Turns: 67005, Time: 04:16:36

HP:   -14/156 (160) AC: 18    Str: 15    XL:     24   Next: 40%
MP:   0/41          EV: 31    Int: 23    God:    Ru [*****.]
Gold: 3584          SH:  0    Dex: 25    Spells: 0/33 levels left

rFire   + . .        a - +5 great sword "Cumpex" {drain, rPois rN+ Int+3}
rCold   + . .        (shield currently unavailable)
rNeg    + + .        D - +2 ring mail {Will+}
rPois   +            m - +0 mask of the Dragon {Will+ Slay+3 SInv}
rElec   +            k - +1 cloak "Mimin" {rPois rC+ rN+}
rCorr   .            y - +0 pair of gloves of the Slorg {rF+}
SInv    +            (boots unavailable)
Will    +++..        d - amulet of the Country {Spirit rElec} Stlth
                     O - ring of Hilyeq Sust {MP+9 Str+2 Int+3 Dex+6}
HPRegen 0.46/turn    q - +4 ring of protection
MPRegen 0.27/turn

%: acrobat, guardian spirit
@: exhausted, flying, studying 2 skills, lightly drained, unable to read
A: beak, talons 3, clumsy 1, inability to read after injury 2, no stealth, no
earth magic, no alchemy magic, no translocations magic, unskilled 1, evasive
flight, no forms, acrobatic
}: 2/15 runes: decaying, serpentine
a: Renounce Religion, Draw Out Power, Power Leap, Apocalypse


You were on level 2 of the Depths.
You worshipped Ru.
Ru was extremely pleased with you.
You visited 10 branches of the dungeon, and saw 43 of its levels.

You collected 7803 gold pieces.
You spent 4219 gold pieces at shops.

Inventory:

Hand Weapons
 a - the +5 great sword "Cumpex" (weapon) {drain, rPois rN+ Int+3}
   (You took it off a deep elf sorcerer on level 3 of the Elven Halls)

   Int+3:     It affects your intelligence (+3).
   rPois:     It protects you from poison rN+: It protects you from negative
   energy.
 b - a +4 great sword of flaming
 f - a +3 great sword of holy wrath
Missiles
 e - 9 curare-tipped darts
 n - 3 darts of dispersal
 o - 51 poisoned darts (quivered)
 G - 6 throwing nets
Armour
 h - a +2 pair of gloves of dexterity
 k - the +1 cloak "Mimin" (worn) {rPois rC+ rN+}
   (You found it on level 2 of the Snake Pit)

   rC+:       It protects you from cold.
   rPois:     It protects you from poison rN+: It protects you from negative
   energy.
 m - the +0 mask of the Dragon (worn) {Will+ Slay+3 SInv}
   (You found it on level 14 of the Dungeon)

   Slay+3:    It affects your accuracy & damage with ranged weapons and melee
   (+3).
   Will+:     It increases your willpower.
   SInv:      It lets you see invisible.
 y - the +0 pair of gloves of the Slorg (worn) {rF+}
   (You bought it in a shop on level 5 of the Dungeon)

   rF+:       It protects you from fire.
 D - a +2 ring mail of willpower (worn)
Jewellery
 d - the amulet of the Country (around neck) {Spirit rElec}
   (You found it on level 1 of the Orcish Mines)

   [amulet of guardian spirit]

   Spirit:    It causes incoming damage to be divided between your reserves of
   health and magic.
   rElec:     It insulates you from electricity.
 q - a +4 ring of protection (right hand)
 u - the ring of Heikuep {rPois rC+ Int+2 Stlth+}
   (You bought it in a shop on level 2 of the Orcish Mines)

   [ring of poison resistance]

   Int+2:     It affects your intelligence (+2).
   rC+:       It protects you from cold.
   rPois:     It protects you from poison Stlth+: It makes you more stealthy.
 F - a ring of protection from fire
 O - the ring of Hilyeq Sust (left hand) {MP+9 Str+2 Int+3 Dex+6}
   (You found it on level 2 of the Snake Pit)

   [ring of dexterity]

   Str+2:     It affects your strength (+2).
   Int+3:     It affects your intelligence (+3).
   Dex+6:     It affects your dexterity (+6).
   MP+9:      It affects your magic capacity (+9).
 Q - a ring of wizardry
 R - the ring "Waoweali" {rElec rN+ Dex+3}
   (You found it on level 3 of the Crypt)

   [ring of positive energy]

   Dex+3:     It affects your dexterity (+3).
   rElec:     It insulates you from electricity.
   rN+:       It protects you from negative energy.
 S - a ring of resist corrosion
 V - an amulet of regeneration
Wands
 l - a wand of light (20)
 A - a wand of paralysis (19)
 H - a wand of flame (41)
 K - a wand of polymorph (41)
 N - a wand of digging (23)
 U - a wand of roots (42)
Scrolls
 g - 8 scrolls of poison
 s - 3 scrolls of revelation
 w - 10 scrolls of fog
 z - 14 scrolls of teleportation
 B - a scroll of butterflies
 C - 6 scrolls of blinking
 L - 2 scrolls of silence
 T - 4 scrolls of fear
 W - 4 scrolls of vulnerability
 Z - 7 scrolls of immolation
Potions
 c - 8 potions of brilliance
 i - 20 potions of curing
 j - 7 potions of heal wounds
 p - 7 potions of enlightenment
 r - 3 potions of resistance
 t - 3 potions of magic
 v - 5 potions of might
 x - 10 potions of ambrosia
 I - 5 potions of berserk rage
 M - 6 potions of haste
 P - 7 potions of attraction
 X - 4 potions of cancellation
 Y - 7 potions of invisibility
Miscellaneous
 E - a phial of floods
 J - a condenser vane


   Skills:
 * Level 19.2 Fighting
 - Level 20.0 Long Blades
 + Level 14.5 Armour
 * Level 19.4 Dodging
 + Level 5.4 Spellcasting
 - Level 1.0 Hexes
 * Level 21.4 Summonings
 - Level 7.0 Air Magic


You couldn't memorise any spells.
You knew the following spells:

 Your Spells              Type           Power      Damage    Failure   Level
a - Summon Mana Viper     Hex/Summ       55%        N/A       4%          5
b - Monstrous Menagerie   Summ           40%        N/A       1%          7
c - Summon Horrible Thin  Summ           40%        N/A       14%         8
d - Summon Lightning Spi  Summ/Air       64%        N/A       1%          4
e - Summon Cactus Giant   Summ           40%        N/A       1%          6
f - Swiftness             Air            38%        N/A       2%          3

Your spell library contained the following spells:

 Spells                   Type           Power      Damage    Failure   Level
 Summon Small Mammal      Summ           100%       N/A       0%          1
 Call Imp                 Summ           100%       N/A       0%          2
 Call Canine Familiar     Summ           81%        N/A       0%          3
 Summon Ice Beast         Ice/Summ       53%        N/A       1%          3
 Summon Blazeheart Golem  Fire/Summ      53%        N/A       1%          4
 Summon Hydra             Summ           40%        N/A       1%          7
 Freeze                   Ice            24%        1d4       14%         1
 Magic Dart               Conj           24%        1d4       14%         1
 Necrotise                Necr           24%        1d5       14%         1
 Jinxbite                 Hex            20%        N/A       14%         2
 Ensorcelled Hibernation  Hex/Ice        16%        N/A       17%         2
 Searing Ray              Conj           12%        2d4       22%         2
 Dazzling Flash           Conj/Hex       16%        N/A       34%         3
 Inner Flame              Hex/Fire       8%         N/A       34%         3
 Frozen Ramparts          Ice            12%        1d2       38%         3
 Hailstorm                Conj/Ice       6%         3d5       38%         3
 Ozocubu's Armour         Ice            6%         N/A       38%         3
 Silence                  Hex/Air        12%        N/A       58%         5
 Arcjolt                  Conj/Air       11%        1d21      67%         5
 Animate Dead             Necr           6%         N/A       80%         4
 Flame Wave               Conj/Fire      6%         2d5       80%         4
 Freezing Cloud           Conj/Ice/Air   8%         6-21      83%         5
 Haunt                    Necr/Summ      26%        N/A       83%         7
 Spellforged Servitor     Conj/Summ      26%        N/A       83%         7
 Dragon's Call            Summ           40%        N/A       91%         9
 Metabolic Englaciation   Hex/Ice        4%         N/A       97%         5
 Curse of Agony           Necr           6%         N/A       98%         5
 Fireball                 Conj/Fire      3%         3d4       98%         5
 Iskenderun's Battlesphe  Conj           6%         2d6       98%         5
 Conjure Ball Lightning   Conj/Air       11%        3x3d6     99%         6
 Plasma Beam              Fire/Air       11%        2x1d22    99%         6
 Orb of Destruction       Conj           3%         9d5       100%        7
 Ozocubu's Refrigeration  Ice            3%         4d8       100%        7
 Discord                  Hex            5%         N/A       100%        8
 Infestation              Necr           3%         N/A       100%        8
 Mercury Vapours          Alch/Air       Unusable   N/A       N/A         2
 Apportation              Tloc           Unusable   N/A       N/A         1
 Sting                    Conj/Alch      Unusable   1d4       N/A         1
 Mephitic Cloud           Conj/Alch/Air  Unusable   N/A       N/A         3
 Lesser Beckoning         Tloc           Unusable   N/A       N/A         2
 Vhi's Electric Charge    Tloc/Air       Unusable   N/A       N/A         4
 Gell's Gravitas          Tloc           Unusable   N/A       N/A         3
 Passwall                 Erth           Unusable   N/A       N/A         3
 Teleport Other           Tloc           Unusable   N/A       N/A         3
 Brom's Barrelling Bould  Conj/Erth      Unusable   2d3       N/A         4
 Fulminant Prism          Conj/Alch      Unusable   3d5       N/A         4
 Leda's Liquefaction      Alch/Erth      Unusable   N/A       N/A         4
 Petrify                  Alch/Erth      Unusable   N/A       N/A         4
 Sticky Flame             Fire/Alch      Unusable   2d4       N/A         4
 Alistair's Intoxication  Alch           Unusable   N/A       N/A         5
 Dispersal                Tloc           Unusable   N/A       N/A         6
 Sculpt Simulacrum        Ice/Alch       Unusable   N/A       N/A         6
 Disjunction              Tloc           Unusable   N/A       N/A         8

Dungeon Overview and Level Annotations

Branches:
Dungeon (15/15)            Temple (1/1) D:6            Lair (5/5) D:8
  Swamp (4/4) Lair:2        Snake (4/4) Lair:2        Slime (0/5) Lair:5
    Orc (2/2) D:10            Elf (3/3) Orc:2        Vaults (4/5) D:14
  Crypt (3/3) Vaults:2       Tomb (0/3) Crypt:3      Depths (2/4) D:15

Altars:
Ashenzari
Cheibriados
Dithmenos
Elyvilon
Fedhas
Gozag
Hepliaklqana
Kikubaaqudgha
Makhleb
Nemelex Xobeh
Okawaru
Qazlal
Ru
Sif Muna
Trog
Uskayaw
Vehumet
Wu Jian
Xom
Yredelemnul
Zin
The Shining One
Jiyva

Shops:
D:5 *   D:7 *   D:10 *   Orc:2 [==!![   Elf:1 ((?(*   Elf:3 **   Snake:1 ((*??!
Depths:1 **(

Portals:
Hell: Depths:1
Abyss: Depths:2
Pandemonium: Depths:1

Annotations:
Snake:2 6 transporters
Elf:3 exclusion: upstairs


Innate Abilities, Weirdness & Mutations

You have a beak for a mouth.
You have claws for feet.
You are clumsy. (Dex -2)
You sometimes lose the ability to read scrolls when taking damage.
You cannot be stealthy.
You cannot study or cast Earth magic.
You cannot study or cast Alchemy magic.
You cannot study or cast Translocations magic.
You are somewhat unskilled. (-1 Apt)
Your magical flight helps you evade attacks. (EV +4)
You cannot voluntarily change form.
You can magically evade attacks while moving or waiting.


Message History

The storm dragon bites your large abomination.
Your large abomination is destroyed!
Your large abomination disappears in a puff of smoke!
The spriggan air mage points at you and mumbles some strange words.
The bolt of lightning misses you.
The storm dragon roars deafeningly!
Unknown command.
Unknown command.
You hit the fire giant. You claw the fire giant!
You kill the fire giant!
The ice dragon breathes frost at you. The blast of cold misses you.
The storm dragon closely misses you. The storm dragon barely misses you. x2
The hell knight calls down the wrath of its god upon you.
The bolt of fire misses you.
Unknown command.
You slash the storm dragon! You claw the storm dragon.
The storm dragon is almost dead.
The storm dragon breathes lightning at you.
The bolt of lightning hits you! You resist.
* * * LOW HITPOINT WARNING * * *
The bolt of lightning hits you! You resist.
* * * LOW HITPOINT WARNING * * *
The bolt of lightning misses the storm dragon.
The spriggan air mage begins to cast a spell, but is stunned by your conviction!
Unknown command.
Unknown command.
You feel much better. The storm dragon bites you!
* * * LOW HITPOINT WARNING * * *
The storm dragon claws you!
* * * LOW HITPOINT WARNING * * *
The storm dragon completely misses you. x2; The storm dragon claws you.
* * * LOW HITPOINT WARNING * * *
The storm dragon completely misses you. The spriggan air mage hits you.
* * * LOW HITPOINT WARNING * * *
The rakshasa begins to attack, but is stunned by your conviction!
The storm dragon begins to attack, but is stunned by your conviction!
The ice dragon breathes frost at you. The blast of cold hits you!! You resist.
You die...

#############
##[)$$§$....(.
#/?!§Di$......
#)[/$@Dp.R....
##=[$$D$......
#############


You could see 2 storm dragons, an ice dragon (catching breath), a rakshasa, a
hell knight and a spriggan air mage (repels missiles).

Vanquished Creatures
  A dread lich (Crypt:3)
  Boris (twice) (Vaults:1 Crypt:2)
  Saint Roka (Elf:2)
  A golden dragon (Depths:2)
  A bone dragon (Vaults:2)
  Rupert (Snake:1)
  A tentacled monstrosity (Depths:2)
  A lich (Depths:2)
  The ghost of purpleHaze the Slayer, an adept OnWr of Wu Jian (Elf:3)
  3 deep elf blademasters
  2 deep elf master archers (Elf:3)
  2 sphinxes (Vaults:3)
  The ghost of raetorn the Maledictor, an adept DjFE of Makhleb (Swamp:4)
  Asterion (Snake:1)
  An ancient champion (Crypt:1)
  A thorn hunter (Swamp:4)
  Agnes (Snake:1)
  A tengu reaver (D:14)
  Roxanne (D:14)
  A storm dragon (D:15)
  A revenant (Crypt:3)
  The ghost of dogaso222 the Brawler, a journeyman DrSh of Dithmenos (Snake:2)
  2 fire giants
  2 frost giants
  5 nagarajas
  A juggernaut zombie (Crypt:3)
  An iron dragon (Vaults:4)
  4 deep elf sorcerers (Elf:3)
  8 vault wardens
  2 curse skulls
  A balrug (Depths:1)
  6 ironbound preservers
  7 ghouls
  2 deep elf elementalists (Elf:3)
  A caustic shrike zombie (Crypt:2)
  A reaper (Crypt:2)
  4 ironbound thunderhulks
  A stone giant (Vaults:3)
  Nessos (Orc:2)
  2 very ugly things
  3 formless jellyfish
  A spriggan defender (Depths:1)
  3 eleionomae
  22 vampire knights
  5 deep elf death magi
  3 deep elf demonologists (Elf:3)
  2 war gargoyles
  16 dire elephants
  The ghost of riffraff the Severer, a journeyman MiBe of Trog (D:14)
  4 bunyips
  7 deep elf annihilators
  Snorg (D:14)
  An acid blob zombie (Crypt:2)
  13 jiangshi
  3 ettins
  5 eidola
  A quicksilver dragon zombie (D:15)
  5 yaktaur captains
  2 deep elf high priests (Elf:3)
  2 entropy weavers
  3 shambling mangroves
  A crystal guardian (Vaults:1)
  A fire dragon (Lair:5)
  8 hydras
  Harold (Lair:1)
  4 vault guards
  2 rakshasas
  2 great orbs of eyes
  2 ogre magi (Orc:2)
  A sphinx zombie (Crypt:2)
  Erolcha (Orc:1)
  A salamander tyrant (Snake:4)
  9 ironbound frosthearts
  5 alligators
  12 centaur warriors
  4 peacekeepers
  A ghost crab (Swamp:3)
  10 anacondas
  A death knight (Crypt:2)
  32 dancing weapons
  8 death yaks
  2 deep troll earth magi (Depths:1)
  14 two-headed ogres
  3 spriggan berserkers
  12 vampire magi
  5 naga warriors
  An occultist (Depths:2)
  2 tengu warriors
  2 sun demons (Depths:1)
  14 deep elf knights
  11 naga sharpshooters
  A titan zombie (Crypt:1)
  10 shock serpents
  9 hell knights
  Sonja (Lair:5)
  Amaemon (D:8)
  28 skeletal warriors
  A shadow wraith (Crypt:2)
  3 iron trolls (Depths:1)
  4 skysharks
  A goliath frog (Swamp:2)
  18 deep trolls
  14 bog bodies
  8 mana vipers
  3 swamp dragons
  2 spectral hydras (Swamp:4)
  2 arcanists
  An obsidian statue (Elf:3)
  3 spriggan druids (Swamp:4)
  12 deep elf archers
  5 naga ritualists
  5 orc knights
  18 ironbound convokers
  15 phantasmal warriors
  7 lindwurms
  An oklob plant (Lair:5)
  30 deep elf pyromancers
  14 deep elf zephyrmancers
  3 necromancers
  8 cyclopes
  3 orc sorcerers (Orc:2)
  6 manticores
  An iron dragon skeleton (Crypt:1)
  6 ugly things
  2 kobold blastminers (Orc:1)
  2 moths of wrath (Snake:2)
  8 salamanders
  4 will-o-the-wisps
  20 elephants
  A frost giant skeleton (Crypt:1)
  5 meliai
  A naga zombie (Crypt:3)
  A torpor snail (shapeshifter) (Depths:1)
  12 vault sentinels
  24 black mambas
  2 guardian serpents (Snake:2)
  A dire elephant zombie (Crypt:3)
  A fire giant skeleton (Crypt:1)
  A gargoyle (D:12)
  4 torpor snails (Lair:5)
  7 naga magi
  An alligator snapping turtle zombie (Crypt:3)
  A smoke demon (Depths:1)
  A hellion (Vaults:3)
  5 cane toads
  3 rime drakes
  A kobold demonologist (D:9)
  An efreet (D:14)
  8 komodo dragons
  18 yaktaurs
  An iron troll zombie (Crypt:3)
  Maggie (Lair:2)
  5 freezing wraiths
  2 tengu conjurers
  A minotaur skeleton (Crypt:2)
  An unseen horror skeleton (Crypt:2)
  3 hydra zombies
  A queen bee (shapeshifter) (Elf:1)
  A polar bear (shapeshifter) (D:15)
  8 trolls
  12 hornets
  5 polar bears
  2 bloated husks
  13 tyrant leeches
  8 blink frogs (Lair:2)
  3 spriggan zombies
  2 hydra skeletons (Swamp:4)
  An ettin zombie (Crypt:1)
  A dream sheep (Lair:5)
  A satyr zombie (Crypt:2)
  A tarantella zombie (Crypt:3)
  6 air elementals
  14 slime creatures
  Sigmund (D:2)
  3 shadows
  A centaur simulacrum (Crypt:2)
  5 spriggans
  A culicivora (Vaults:2)
  13 wraiths
  32 yaks
  2 fire elementals
  6 humans
  7 wyverns
  4 water elementals
  2 hogs (D:15)
  6 wargs
  5 basilisks
  A steam dragon (D:8)
  A wind drake zombie (Crypt:3)
  A redback (Vaults:2)
  Edmund (D:5)
  Menkaure (D:6)
  A harpy simulacrum (Crypt:1)
  38 nagas
  9 vampire mosquitoes
  14 two-headed ogre zombies (Orc:1)
  3 acid dragons
  11 swamp worms
  11 water moccasins
  3 hydra simulacra (Swamp:4)
  Duvessa (D:6)
  A demonspawn skeleton (Crypt:1)
  A sky beast (D:5)
  11 swamp drakes
  7 orc warriors
  An ice beast (Vaults:4)
  A hornet zombie (Crypt:3)
  A swamp dragon zombie (Swamp:4)
  A black bear (shapeshifter) (D:14)
  15 laughing skulls
  14 wolves
  A black mamba simulacrum (Crypt:2)
  19 ogres
  5 boggarts (Vaults:1)
  7 centaurs
  A phantom (D:4)
  4 swamp dragon skeletons (Swamp:4)
  11 bullfrogs
  An elf zombie (Crypt:1)
  A salamander zombie (Crypt:3)
  4 necrophages (Swamp:1)
  6 scorpions
  3 earth elementals
  Dowan (D:6)
  17 killer bees
  A shapeshifter zombie (Crypt:2)
  A troll skeleton (Crypt:1)
  15 nameless horrors
  3 electric eels
  4 howler monkeys
  2 hounds (D:5)
  A bombardier beetle (D:6)
  2 bullfrog skeletons
  17 orc priests
  2 iguanas
  24 orc wizards
  A crocodile zombie (Crypt:1)
  An ogre zombie (Orc:1)
  A deep dwarf skeleton (Crypt:1)
  A tengu skeleton (Crypt:2)
  A gnoll (D:1)
  3 swamp drake zombies (Swamp:4)
  7 adders
  A swamp drake skeleton (Swamp:4)
  A white imp (Vaults:4)
  An adder zombie (Crypt:1)
  2 dart slugs
  2 ribbon worms
  57 orcs
  3 ball pythons
  5 endoplasms
  4 giant cockroaches
  8 goblins
  5 hobgoblins
  11 kobolds
  5 quokkas
  3 training dummies (Snake:1)
  12 bats
  3 frilled lizards
  6 rats
1359 creatures vanquished.

Vanquished Creatures (collateral kills)
  A hellephant (Vaults:3)
  A lich (Depths:2)
  2 deep elf blademasters (Elf:3)
  3 deep elf master archers (Elf:3)
  2 thorn hunters (Swamp:4)
  A tengu reaver (D:15)
  Aizul (Lair:2)
  2 nagarajas
  A storm dragon (D:15)
  A deep elf sorcerer (Elf:3)
  Louise (Swamp:2)
  4 vault wardens
  The ghost of fedepesso the Marksminotaur, a journeyman MiHu of Okawaru (Orc:1)
  2 ghouls (Crypt:2)
  5 ironbound preservers
  A very ugly thing (Depths:1)
  An eleionoma (Swamp:2)
  A deep elf death mage (Elf:3)
  3 ironbound thunderhulks
  4 dire elephants
  A bunyip (Swamp:2)
  A fire dragon (D:14)
  A vault guard (D:14)
  A yaktaur captain (Vaults:4)
  A hydra (Swamp:3)
  3 salamander tyrants
  3 alligators
  3 two-headed ogres
  2 catoblepae
  An anaconda (Snake:3)
  2 centaur warriors
  A death knight (D:15)
  3 death yaks
  2 naga warriors
  Erica (D:8)
  A boulder beetle (D:14)
  3 naga sharpshooters
  3 dancing weapons (Elf:2)
  3 shock serpents
  5 hell knights (Vaults:3)
  2 deep elf knights
  A skyshark (Lair:5)
  A goliath frog (Swamp:2)
  An arcanist (Vaults:4)
  A spriggan druid (Swamp:4)
  10 deep trolls
  2 skeletal warriors
  4 mana vipers
  2 bog bodies
  2 naga ritualists
  A necromancer (D:15)
  3 ironbound convokers
  5 deep elf pyromancers
  3 lindwurms
  2 deep elf zephyrmancers
  3 ugly things
  5 salamanders
  An orc sorcerer (Orc:2)
  3 oklob plants (Swamp:4)
  A guardian serpent (Snake:2)
  A meliai (Lair:5)
  2 vault sentinels
  A torpor snail (Lair:5)
  3 slime creatures
  8 elephants
  5 cane toads
  9 naga magi
  A stone giant skeleton (Crypt:1)
  An orange demon (D:8)
  12 black mambas
  4 komodo dragons
  6 yaktaurs
  An efreet (D:10)
  2 rime drakes
  5 trolls
  Psyche (D:8)
  A queen bee (Lair:5)
  9 tyrant leeches
  5 polar bears
  9 hornets
  5 blink frogs (Lair:2)
  A tarantella (Vaults:1)
  A dream sheep (Lair:5)
  3 spriggans (Swamp:1)
  A vampire (D:11)
  4 wyverns
  2 humans (D:14)
  2 wraiths
  5 basilisks
  21 yaks
  3 vampire mosquitoes
  16 nagas
  An acid dragon (D:13)
  10 water moccasins
  A hydra simulacrum (Swamp:4)
  6 orc warriors
  An ice beast (D:8)
  3 laughing skulls
  8 ogres
  11 wolves
  A phantom (D:5)
  2 kobold brigands
  A gnoll sergeant (D:8)
  5 bullfrogs
  5 scorpions
  A water moccasin skeleton (Crypt:2)
  14 killer bees
  A howler monkey (D:10)
  3 nameless horrors
  2 jellies (D:5)
  7 orc priests
  3 iguanas
  4 orc wizards
  A hell rat (Lair:1)
  4 gnolls
  An adder (D:2)
  19 orcs
  A ball python (D:2)
  3 endoplasms
  2 goblins
  A bat (D:1)
  10 kobolds
414 creatures vanquished.

Vanquished Creatures (others)
  A deep elf blademaster (Elf:3)
  Kirke (D:15)
  A juggernaut zombie (Crypt:3)
  2 dire elephants (Vaults:1)
  A vault guard (D:14)
  A death yak (Lair:5)
  3 deep trolls
  3 bog bodies
  A mana viper (Snake:2)
  A spriggan druid (Swamp:4)
  A deep elf zephyrmancer (Elf:3)
  A yaktaur (Vaults:4)
  5 bloated husks
  A slime creature (D:14)
  A yak (Lair:1)
  4 humans (D:15)
  A swamp worm (Swamp:2)
  A naga (Snake:1)
  An earth elemental (Elf:3)
  9 foxfires
40 creatures vanquished.

Grand Total: 1813 creatures vanquished

Notes
Turn   | Place    | Note
-------+----------+-------------------------------------------
     0 | D:1      | 12345 the Tengu Summoner began the quest for the Orb.
     0 | D:1      | Reached XP level 1. HP: 10/10 MP: 4/4
    78 | D:1      | Found a faded altar of an unknown god.
   287 | D:1      | Reached skill level 1 in Long Blades
   287 | D:1      | Reached XP level 2. HP: 9/16 MP: 3/6
   325 | D:1      | Learned a level 2 spell: Call Imp
   479 | D:1      | Reached skill level 1 in Fighting
   486 | D:1      | Reached skill level 5 in Summonings
   489 | D:1      | Reached XP level 3. HP: 17/20 MP: 5/7
   513 | D:1      | Learned a level 3 spell: Call Canine Familiar
  1038 | D:2      | Reached XP level 4. HP: 25/25 MP: 8/8
  1078 | D:2      | Noticed Sigmund
  1864 | D:2      | Killed Sigmund
  1865 | D:2      | Reached XP level 5. HP: 32/32 MP: 4/10
  1865 | D:2      | Reached XP level 6. HP: 36/36 MP: 4/11
  1878 | D:2      | Learned a level 4 spell: Summon Lightning Spire
  2337 | D:3      | Found an ornate altar of the Wu Jian Council.
  2689 | D:4      | Found a sparkling altar of Nemelex Xobeh.
  2787 | D:4      | Reached skill level 1 in Air Magic
  3214 | D:5      | Entered Level 5 of the Dungeon
  3228 | D:5      | Gained mutation: Your magical flight helps you evade
                  | attacks. (EV +4) [Tengu growth]
  3228 | D:5      | Reached XP level 7. HP: 39/41 MP: 9/12
  3529 | D:5      | Noticed Edmund
  3680 | D:5      | Found Xaenwamo's General Store.
  3689 | D:5      | Bought a scroll of poison for 52 gold pieces
  3689 | D:5      | Bought the +0 pair of gloves of the Slorg {rF+} for 240
                  | gold pieces
  3786 | D:5      | Found a shimmering blue altar of Sif Muna.
  4210 | D:5      | Reached skill level 6 in Summonings
  4273 | D:5      | HP: 2/43 [poisoned by a water moccasin]
  4277 | D:5      | Reached XP level 8. HP: 2/48 MP: 7/14
  4610 | D:5      | Learned a level 1 spell: Apportation
  4718 | D:6      | Noticed Menkaure
  4718 | D:6      | Noticed Duvessa
  4942 | D:6      | Reached skill level 5 in Long Blades
  5072 | D:6      | Found a hide-covered altar of Uskayaw.
  5293 | D:6      | Killed Menkaure
  5294 | D:6      | Reached skill level 1 in Translocations
  5322 | D:6      | Reached skill level 5 in Fighting
  5612 | D:6      | Reached XP level 9. HP: 17/54 MP: 16/16
  5664 | D:6      | Reached skill level 5 in Dodging
  5855 | D:5      | Killed Edmund
  5992 | D:6      | Found a staircase to the Ecumenical Temple.
  5998 | Temple   | Entered the Ecumenical Temple
  6011 | Temple   | Became a worshipper of Ru the Awakened
  6133 | D:6      | Reached skill level 7 in Summonings
  6144 | D:6      | Noticed Dowan
  6159 | D:6      | Killed Duvessa
  6160 | D:6      | Killed Dowan
  6435 | D:7      | Reached skill level 5 in Air Magic
  7296 | D:7      | Found Zin's Purification Station.
  7307 | D:7      | Reached XP level 10. HP: 60/61 MP: 18/18
  7311 | D:7      | Found a glowing silver altar of Zin.
  7425 | D:8      | Noticed Erica
  7474 | D:8      | Reached skill level 5 in Spellcasting
  7564 | D:8      | Learned a level 3 spell: Swiftness
  7632 | D:8      | Reached skill level 8 in Summonings
  7723 | D:8      | Gained mutation: You cannot study or cast Earth magic. [Ru
                  | sacrifice]
  7723 | D:8      | Gained mutation: You cannot study or cast Alchemy magic.
                  | [Ru sacrifice]
  7723 | D:8      | Gained mutation: You cannot study or cast Translocations
                  | magic. [Ru sacrifice]
  7723 | D:8      | Reached * piety under Ru
  7926 | D:8      | Found a staircase to the Lair.
  8193 | D:8      | Killed Erica
  8279 | D:8      | Noticed Amaemon
  8279 | D:8      | Noticed an orange demon
  8297 | D:8      | Killed an orange demon
  8298 | D:8      | Reached XP level 11. HP: 69/69 MP: 8/19
  8390 | D:8      | Killed Amaemon
  8699 | D:8      | Noticed Psyche
  8706 | D:8      | Killed Psyche
  9154 | D:9      | Reached skill level 9 in Summonings
  9312 | D:9      | Noticed a centaur warrior
  9327 | D:9      | Reached skill level 10 in Long Blades
  9327 | D:9      | Killed a centaur warrior
  9964 | D:10     | Entered Level 10 of the Dungeon
 10220 | D:10     | Found a staircase to the Orcish Mines.
 10230 | D:10     | Noticed a deep elf pyromancer
 10237 | D:10     | Killed a deep elf pyromancer
 10238 | D:10     | Reached skill level 10 in Fighting
 10374 | D:10     | Found Urchost's Assorted Antiques.
 10377 | D:10     | Bought a purple potion for 23 gold pieces
 10384 | D:10     | Bought a runed leather armour for 130 gold pieces
 10447 | D:10     | Noticed a catoblepas
 10464 | D:10     | Killed a catoblepas
 10491 | D:10     | Reached XP level 12. HP: 78/78 MP: 15/20
 10548 | D:10     | Found an ancient bone altar of Kikubaaqudgha.
 10686 | D:10     | Identified the +5 spear of Destiny {antimagic, rPois Int+3}
 10688 | D:10     | Identified the ring of Toessenn {Fly rN+ Str+3 Stlth-}
 10699 | D:10     | Gained mutation: You are somewhat unskilled. (-1 Apt) [Ru
                  | sacrifice]
 10699 | D:10     | Reduced skill Long Blades to level 10
 10699 | D:10     | Reduced skill Stealth to level 1
 10699 | D:10     | Reduced skill Summonings to level 8
 10699 | D:10     | Reduced skill Air Magic to level 5
 10699 | D:10     | Reached ** piety under Ru
 10814 | D:10     | Found a shadowy altar of Dithmenos.
 11267 | D:11     | Found a radiant altar of Vehumet.
 11917 | Lair:1   | Entered Level 1 of the Lair of Beasts
 12100 | Lair:1   | Reached skill level 5 in Spellcasting
 12158 | Lair:1   | Reached skill level 10 in Fighting
 12256 | Lair:1   | Noticed an alligator
 12259 | Lair:1   | Noticed an anaconda
 12276 | Lair:1   | Killed an anaconda
 12283 | Lair:1   | Killed an alligator
 12432 | Lair:1   | Noticed a dire elephant
 12487 | Lair:1   | Killed a dire elephant
 12488 | Lair:1   | Reached skill level 9 in Summonings
 12525 | Lair:1   | Noticed Harold
 12808 | Lair:1   | Reached XP level 13. HP: 60/83 MP: 15/21
 13148 | Lair:1   | Noticed a dire elephant
 13243 | Lair:1   | Killed a dire elephant
 13708 | Lair:1   | Killed Harold
 13992 | Lair:2   | Gained mutation: You occasionally lose the ability to read
                  | scrolls when taking damage. [Ru sacrifice]
 13992 | Lair:2   | Gained mutation: You sometimes lose the ability to read
                  | scrolls when taking damage. [Ru sacrifice]
 13992 | Lair:2   | Reached *** piety under Ru
 14413 | Lair:2   | Noticed Maggie
 14428 | Lair:2   | Killed Maggie
 14480 | Lair:2   | Found a staircase to the Swamp.
 14640 | Lair:2   | Found a staircase to the Snake Pit.
 14695 | Lair:2   | Found a hide-covered altar of Uskayaw.
 15092 | Lair:3   | Reached skill level 10 in Dodging
 15096 | Lair:3   | Reached skill level 1 in Armour
 15184 | Lair:3   | Reached skill level 10 in Summonings
 15459 | Lair:3   | Identified a scroll of acquirement
 16159 | Lair:4   | Reached XP level 14. HP: 91/91 MP: 18/22
 16628 | Lair:4   | Gained mutation: You cannot be stealthy. [Ru sacrifice]
 16628 | Lair:4   | Reached **** piety under Ru
 17760 | Lair:5   | Entered Level 5 of the Lair of Beasts
 18393 | Lair:5   | Reached skill level 5 in Armour
 18606 | Lair:5   | Noticed a dire elephant
 18987 | Lair:5   | Found a viscous altar of Jiyva.
 18987 | Lair:5   | Found a staircase to the Slime Pits.
 19137 | Lair:5   | Killed a dire elephant
 19462 | Lair:5   | Noticed a dire elephant
 19873 | Lair:5   | Killed a dire elephant
 20179 | Lair:5   | Noticed Sonja
 20182 | Lair:5   | Reached XP level 15. HP: 97/97 MP: 19/23
 20191 | Lair:5   | Killed Sonja
 20914 | Lair:5   | Gained mutation: You cannot voluntarily change form. [Ru
                  | sacrifice]
 21265 | Lair:5   | Identified the +10 dagger "Anloom" {antimagic, rElec rF+}
 22157 | Orc:1    | Entered Level 1 of the Orcish Mines
 23120 | D:13     | You are sucked into a shaft and drop 2 floors!
 23120 | D:15     | Entered Level 15 of the Dungeon
 23456 | D:15     | Noticed a storm dragon
 23527 | D:15     | Noticed Kirke
 23549 | D:15     | Killed Kirke
 23760 | D:15     | Noticed a storm dragon
 23790 | D:15     | Noticed a storm dragon
 23793 | D:15     | Noticed a tengu reaver
 23948 | D:14     | Noticed Roxanne
 24192 | D:14     | Found a transporter.
 24261 | D:14     | Noticed Snorg
 24274 | D:14     | Killed Snorg
 24361 | D:14     | Gained mutation: You are clumsy. (Dex -2) [Ru sacrifice]
 24361 | D:14     | Reached ***** piety under Ru
 24526 | D:14     | Noticed riffraff's ghost (journeyman MiBe)
 24527 | D:14     | Identified the +3 great mace "Onawirgh" {freeze, Stlth+}
 24527 | D:14     | Noticed a frost giant
 24528 | D:14     | Found a transporter.
 24968 | D:13     | Found a glowing golden altar of the Shining One.
 25732 | D:14     | Noticed a tengu reaver
 25948 | D:13     | Reached XP level 16. HP: 91/106 MP: 24/24
 26053 | D:14     | Found a gate to the Vaults.
 26336 | D:14     | Killed a tengu reaver
 26483 | D:14     | Found the +0 mask of the Dragon {Will+ Slay+3 SInv}
 27471 | Orc:1    | Noticed Erolcha
 27483 | Orc:1    | Killed Erolcha
 27515 | Orc:1    | Identified the amulet of the Country {Spirit rElec}
 27710 | Orc:1    | Found a burning altar of Makhleb.
 27774 | Orc:1    | Found a runed translucent door.
 27775 | Orc:1    | Noticed fedepesso's ghost (journeyman MiHu)
 28056 | Orc:1    | Killed fedepesso's ghost
 28058 | Orc:1    | Identified the +0 scale mail "Fiegaece" {Str+4}
 28147 | Orc:2    | Entered Level 2 of the Orcish Mines
 28276 | Orc:1    | Reached skill level 11 in Summonings
 28681 | Orc:2    | Found Kedidon's Distillery.
 28681 | Orc:2    | Found Ufulos's Armour Shoppe.
 28695 | Orc:2    | Reached skill level 15 in Long Blades
 28966 | Orc:2    | Found Vaelyr's Distillery.
 29095 | Orc:2    | Bought a potion of might for 44 gold pieces
 29103 | Orc:2    | Bought a potion of heal wounds for 55 gold pieces
 29121 | Orc:2    | Found Fumutat's Jewellery Emporium.
 29151 | Orc:2    | Found a staircase to the Elven Halls.
 29153 | Orc:2    | Noticed Nessos
 29164 | Orc:2    | Killed Nessos
 29595 | Orc:2    | Found Cifimem's Jewellery Emporium.
 29882 | Orc:2    | Paralysed by an orc sorcerer for 3 turns
 29912 | Orc:2    | Found Petas's Armour Emporium.
 30184 | Orc:2    | Acquired 1037 gold pieces
 30195 | Orc:2    | Bought a potion of haste for 150 gold pieces
 30216 | Orc:2    | Bought the ring of Heikuep {rPois rC+ Int+2 Stlth+} for 492
                  | gold pieces
 30247 | Orc:2    | Bought an amulet of regeneration for 390 gold pieces
 30601 | D:14     | Killed Roxanne
 31096 | D:15     | Killed a storm dragon
 31272 | D:15     | Found a staircase to the Depths.
 31302 | D:15     | Killed a tengu reaver
 31441 | D:15     | Killed a storm dragon
 31468 | D:15     | Got the Notes on the Tundra
 31477 | D:15     | Learned a level 7 spell: Monstrous Menagerie
 31588 | D:15     | Found an opulent altar of Gozag.
 31731 | D:14     | Reached XP level 17. HP: 97/109 MP: 16/25
 31741 | D:14     | Killed riffraff's ghost
 31743 | D:14     | Reached skill level 15 in Fighting
 32075 | Snake:1  | Entered Level 1 of the Snake Pit
 32705 | Snake:1  | Reached skill level 12 in Summonings
 32809 | Snake:1  | Found Feqen's Magic Scroll Shop.
 32818 | Snake:1  | Identified the serpent talisman of Xufutomi {Str+4}
 32818 | Snake:1  | Noticed Aizul
 32993 | Lair:2   | Killed Aizul
 34542 | Snake:1  | Noticed Agnes
 34550 | Snake:1  | Killed Agnes
 34852 | Snake:1  | Noticed Asterion
 34880 | Snake:1  | Killed Asterion
 35041 | Snake:1  | Found Osupt's Magic Scroll Boutique.
 35044 | Snake:1  | Found Riloli's Distillery.
 35044 | Snake:1  | Found Awabierr's General Store.
 35049 | Snake:1  | Bought a scroll of noise for 14 gold pieces
 35365 | Snake:1  | Bought a scroll of teleportation for 39 gold pieces
 35365 | Snake:1  | Bought a potion of experience for 650 gold pieces
 35367 | Snake:1  | Reached skill level 13 in Summonings
 35367 | Snake:1  | Reached XP level 18. HP: 119/119 MP: 26/26
 35373 | Snake:1  | Bought a scroll of teleportation for 42 gold pieces
 35373 | Snake:1  | Bought a scroll of teleportation for 42 gold pieces
 35373 | Snake:1  | Bought a scroll of fog for 56 gold pieces
 35373 | Snake:1  | Bought a scroll of fear for 56 gold pieces
 35373 | Snake:1  | Bought a scroll of identify for 28 gold pieces
 35415 | Snake:1  | Found Kompykis's Weapon Shoppe.
 35416 | Snake:1  | Noticed Rupert
 35426 | Snake:1  | Killed Rupert
 35543 | Snake:1  | Found Xewowoori's Firing Range.
 35546 | Snake:1  | You are sucked into a shaft and drop 1 floor!
 35621 | Snake:2  | Found a transporter.
 35624 | Snake:2  | Found a transporter.
 35647 | Snake:2  | Found a transporter.
 35647 | Snake:2  | Noticed dogaso222's ghost (journeyman DrSh)
 35832 | Snake:2  | Found a transporter.
 36579 | Snake:1  | Bought 2 scrolls of acquirement for 1456 gold pieces
 36581 | Snake:1  | Acquired 12345's Atlas of the Mob
 36590 | Snake:1  | Learned a level 6 spell: Summon Cactus Giant
 36590 | Snake:1  | Acquired 844 gold pieces
 37147 | Snake:2  | Found a transporter.
 37151 | Snake:2  | Found a transporter.
 37185 | Snake:2  | Found a transporter.
 37185 | Snake:2  | Found a transporter.
 37246 | Snake:2  | Reached skill level 14 in Summonings
 37643 | Snake:2  | Reached skill level 15 in Dodging
 37645 | Snake:2  | Killed dogaso222's ghost
 38115 | Snake:2  | Identified the +1 cloak "Mimin" {rPois rC+ rN+}
 38122 | Snake:2  | Identified the ring of Hilyeq Sust {MP+9 Str+2 Int+3 Dex+6}
 38458 | Snake:3  | Reached XP level 19. HP: 99/124 MP: 24/27
 38511 | Snake:3  | Identified the +2 chain mail of Ashenzari's Fury {+Blink
                  | rElec rN++ Int+3}
 39204 | Snake:4  | Entered Level 4 of the Snake Pit
 40009 | Snake:4  | Reached skill level 10 in Armour
 40361 | Snake:4  | Reached skill level 15 in Summonings
 40900 | Snake:4  | Found a glowing silver altar of Zin.
 41622 | Snake:4  | Got a serpentine rune of Zot
 41782 | Swamp:1  | Entered Level 1 of the Swamp
 43079 | Swamp:2  | Noticed Louise
 43096 | Swamp:2  | Killed Louise
 43172 | Swamp:2  | Identified the +7 chain mail "Efuv" {MP+9}
 43366 | Swamp:2  | Reached skill level 16 in Summonings
 44208 | Swamp:3  | Reached XP level 20. HP: 132/132 MP: 28/28
 44371 | Swamp:4  | Entered Level 4 of the Swamp
 45519 | Swamp:4  | Found a runed translucent door.
 45538 | Swamp:4  | Noticed raetorn's ghost (adept DjFE)
 45822 | Swamp:4  | Found a basalt altar of Yredelemnul.
 45835 | Swamp:4  | Got a decaying rune of Zot
 46099 | Swamp:4  | Killed raetorn's ghost
 46137 | Swamp:4  | Found a blossoming altar of Fedhas.
 46974 | Elf:1    | Entered Level 1 of the Elven Halls
 47012 | Elf:1    | Found Datwor's Assorted Antiques.
 47172 | Elf:1    | Found Gomiun's Weapon Boutique.
 47195 | Elf:1    | Found Niantum's Weapon Shoppe.
 47229 | Elf:1    | Reached skill level 17 in Summonings
 47329 | Elf:1    | Found Fuganiemp's Magic Scroll Shoppe.
 47330 | Elf:1    | Paralysed by an air elemental for 1 turns
 47356 | Elf:1    | Bought a scroll of teleportation for 45 gold pieces
 47356 | Elf:1    | Bought a scroll of teleportation for 45 gold pieces
 47671 | Elf:1    | Learned a level 5 spell: Summon Mana Viper
 47746 | Elf:1    | Found Qamor's Antique Weapon Emporium.
 48036 | Elf:1    | Identified the staff "Uziesug" {Air Earth}
 48258 | Elf:2    | Identified the +2 halberd of Qaysecye {flame, rC- rCorr
                  | Str+4 Int+2}
 48319 | Elf:2    | Reached skill level 1 in Hexes
 48979 | Elf:2    | HP: 4/127 [+3 glaive of protection (19)]
 49472 | Elf:2    | Reached XP level 21. HP: 137/137 MP: 29/29
 49477 | Elf:2    | Found a runed translucent door.
 49479 | Elf:2    | Found a runed translucent door.
 49695 | Elf:3    | Entered Level 3 of the Elven Halls
 49873 | Elf:3    | Reached skill level 18 in Summonings
 49873 | Elf:3    | Noticed Saint Roka
 50538 | Elf:2    | Killed Saint Roka
 50709 | Elf:3    | Paralysed by an air elemental for 1 turns
 50712 | Elf:3    | Paralysed by an air elemental for 1 turns
 50829 | Elf:3    | Found a runed translucent gate.
 50829 | Elf:3    | Found a runed translucent gate.
 50831 | Elf:3    | Found a runed translucent gate.
 50832 | Elf:3    | Found an opulent altar of Gozag.
 50833 | Elf:3    | Noticed purpleHaze's ghost (adept OnWr)
 50834 | Elf:3    | Found Witwy's Assorted Antiques.
 50835 | Elf:3    | Found Wahih's Assorted Antiques.
 50864 | Elf:3    | Killed purpleHaze's ghost
 51943 | Elf:3    | Identified the +5 great sword "Cumpex" {drain, rPois rN+
                  | Int+3}
 52129 | Elf:3    | Identified the +5 chain mail of the Moon Troll {rC+ Will+
                  | Dex+3}
 52209 | Elf:3    | Identified the ring "Lazeuqeo" {rN+ Str+6}
 52254 | Elf:3    | Identified the +8 long sword "Gaschu Ciuta" {antimagic,
                  | Int+4 Dex+3}
 52375 | Elf:3    | Identified the +5 chain mail "Myivaoroc" {Will++ Slay+2}
 52513 | Elf:3    | Found the +10 tower shield of Ignorance {rN+ Int-4}
 52527 | Elf:3    | Identified the +7 short sword of Xaogogh {speed, Int+3}
 52608 | Elf:3    | Identified the +0 pair of gloves of the Untouchables
                  | {Rampage MP+9 Dex+3}
 53198 | Vaults:1 | Entered Level 1 of the Vaults
 53537 | Vaults:1 | Reached skill level 19 in Summonings
 53805 | Vaults:1 | Noticed Boris
 53822 | Vaults:1 | Killed Boris
 54161 | Vaults:1 | Identified the +4 spear of Wariness {heavy, rF- Dex+2
                  | Stlth+}
 54442 | Vaults:1 | Reached XP level 22. HP: 134/145 MP: 30/30
 55076 | Vaults:2 | Found a staircase to the Crypt.
 56357 | Vaults:2 | Identified the +9 dagger "Reajucy" {elec, rC+++ rCorr}
 57059 | Vaults:3 | Found the +9 staff of Olgreb {rPois∞}
 57627 | Vaults:3 | Found a huge runed translucent gate.
 57628 | Vaults:3 | Found a huge runed translucent gate.
 57628 | Vaults:3 | Found a huge runed translucent gate.
 57630 | Vaults:3 | Found a huge runed translucent gate.
 57630 | Vaults:3 | Found a huge runed translucent gate.
 57631 | Vaults:3 | Found a huge runed translucent gate.
 57631 | Vaults:3 | Found a huge runed translucent gate.
 57631 | Vaults:3 | Found a huge runed translucent gate.
 57631 | Vaults:3 | Found a huge runed translucent gate.
 57631 | Vaults:3 | Found a huge runed translucent gate.
 57632 | Vaults:3 | Found a huge runed translucent gate.
 57632 | Vaults:3 | Found a huge runed translucent gate.
 57633 | Vaults:3 | Found a huge runed translucent gate.
 57634 | Vaults:3 | Found a huge runed translucent gate.
 57635 | Vaults:3 | Found a huge runed translucent gate.
 57636 | Vaults:3 | Found a huge runed translucent gate.
 57636 | Vaults:3 | Found a huge runed translucent gate.
 57641 | Vaults:3 | Found a huge runed translucent gate.
 57642 | Vaults:3 | Found a huge runed translucent gate.
 57642 | Vaults:3 | Found a huge runed translucent gate.
 57642 | Vaults:3 | Found a huge runed translucent gate.
 57642 | Vaults:3 | Found a huge runed translucent gate.
 57644 | Vaults:3 | Found a huge runed translucent gate.
 57645 | Vaults:3 | Found a huge runed translucent gate.
 58056 | Vaults:3 | Found a huge runed translucent gate.
 58056 | Vaults:3 | Found a huge runed translucent gate.
 58056 | Vaults:3 | Found a huge runed translucent gate.
 58057 | Vaults:3 | Found a huge runed translucent gate.
 58058 | Vaults:3 | Found a huge runed translucent gate.
 58059 | Vaults:3 | Found a huge runed translucent gate.
 58060 | Vaults:3 | Found a huge runed translucent gate.
 58062 | Vaults:3 | Found a huge runed translucent gate.
 58076 | Vaults:3 | Found a huge runed translucent gate.
 58077 | Vaults:3 | Found a huge runed translucent gate.
 58078 | Vaults:3 | Found a huge runed translucent gate.
 58089 | Vaults:3 | Found a huge runed translucent gate.
 58156 | Vaults:3 | Identified the +9 arbalest of Fear {antimagic, rPois Int+4}
 58382 | Vaults:4 | Reached skill level 20 in Summonings
 58738 | Vaults:4 | Reached XP level 23. HP: 152/152 MP: 28/31
 60661 | Crypt:1  | Entered Level 1 of the Crypt
 60756 | Crypt:1  | Identified the +6 falchion of the Girdle {speed, rCorr
                  | Int+7}
 60858 | Crypt:1  | Found a basalt altar of Yredelemnul.
 62000 | Crypt:2  | Noticed Boris
 62007 | Crypt:2  | Killed Boris
 62967 | Crypt:3  | Entered Level 3 of the Crypt
 63151 | Crypt:3  | Found a burning altar of Makhleb.
 63157 | Crypt:3  | Found a glowing golden altar of the Shining One.
 63418 | Crypt:3  | Found a staircase to the Tomb.
 63557 | Crypt:3  | Noticed a dread lich
 63572 | Crypt:3  | Killed a dread lich
 64002 | Crypt:3  | Found a basalt altar of Yredelemnul.
 64112 | Crypt:3  | Found the +13 scythe of Curses {drain, curses, ^Drain}
 64116 | Crypt:3  | Identified the ring "Unoytay" {rN+ Dex+3}
 64116 | Crypt:3  | Identified the ring "Waoweali" {rElec rN+ Dex+3}
 64116 | Crypt:3  | Identified the ring of Equilibrium {+Blink rN+ Str-4 Dex+2
                  | Stlth+}
 64322 | Crypt:3  | Reached skill level 21 in Summonings
 64378 | Crypt:3  | Reached XP level 24. HP: 122/160 MP: 31/31
 64963 | Crypt:2  | Found a shimmering altar of Xom.
 65269 | Depths:1 | Entered Level 1 of the Depths
 65284 | Depths:1 | Learned a level 8 spell: Summon Horrible Things
 65303 | Depths:1 | Found a one-way gate leading to the halls of Pandemonium.
 65575 | Depths:1 | Found Punetu's General Store.
 65763 | Depths:1 | Found Hebity's Assorted Antiques.
 65782 | Depths:1 | Bought a notched onyx ring for 170 gold pieces
 66078 | Depths:1 | Found a gateway to Hell.
 66122 | Depths:1 | Found Zyakefedapt's Weapon Boutique.
 66441 | Depths:1 | Found a runed translucent door.
 66976 | Depths:2 | Found a one-way gate to the infinite horrors of the Abyss.
 67005 | Depths:2 | HP: 7/156 [spriggan air mage (3)]
 67005 | Depths:2 | Killed from afar by an ice dragon

Illustrated notes

Levels and vault maps discovered:
D:1:      minmay_arrival_checkered_box, layout_loops_ring,
          ebering_ecumenical_altar_mist
D:2:      layout_loops_cross, nicolae_kite_square_tiling_tiny, minivault_5,
          uniq_sigmund
D:3:      layout_rooms, nzn_wu_jian_council_hall
D:4:      layout_loops_ring, mainiacjoe_overflow_boulevard
D:5:      layout_basic, general_overflow_altar, serial_shops, shop, uniq_edmund
D:6:      old_forge, layout_basic, marbit_many_paths,
          minmay_temple_entry_proselytizer, uniq_duvessa, uniq_menkaure
D:7:      layout_rooms, zin_purify
D:8:      layout_loops_corners, minmay_lair_entry_grove, minmay_crystal_room,
          minivault_5, uniq_amaemon, uniq_psyche, uniq_erica
D:9:      layout_long_grid, hangedman_decor_riveting
D:10:     layout_rooms, lemuel_doored_altar,
          nicolae_dithmenos_through_a_glass_darkly, hiddenorc1_lemuel,
          serial_shops, nicolae_shop_tiny_real_fake_doors, minmay_radiant
D:11:     layout_loops_ring, nicolae_vehumet_radiance
D:12:     layout_long_grid
D:13:     layout_basic, tso_metal_star
D:14:     layout_basic, ximxim_vaults_locker_room, gammafunk_ghost_smash,
          roderic_lattice_a, minmay_evil_grid, uniq_roxanne, uniq_snorg
D:15:     gammafunk_depths_entry_grave, layout_irregular_city,
          lemuel_coloured_pillars_altar, hex_large, minmay_diamond_spiral,
          uniq_kirke
Temple:   nicolae_temple_bog_church
Lair:1:   layout_regular_city, serial_bayou, serial_bayou_pond_a,
          serial_bayou_pond_d, serial_bayou_ford_a, serial_bayou_crossing,
          serial_bayou_shore_a, nicolae_lair_lakeside_cave, uniq_harold
Lair:2:   layout_gridlike, swamp_mist, guppyfry_snake_entry_island, basic_altar,
          minivault_19, wad_woods_river_02, chequers_serial_rivers_micro_b,
          chequers_serial_rivers_large_a, lemuel_another_geyser, uniq_maggie
Lair:3:   layout_regular_city, patterned_corridor, grunt_megastairs_2
Lair:4:   layout_misc_corridors
Lair:5:   hangedman_lair_in_review, layout_long_grid, wormcave,
          dpeg_slime_entry_enclosed, special_room [special_room_bee], uniq_sonja
Swamp:1:  layout_basic_swamp, evilmike_swamp_ruin_house_2,
          hangedman_swamp_ravenous
Swamp:2:  layout_basic_swamp, evilmike_swamp_ruin_wall, uniq_louise
Swamp:3:  layout_basic_swamp, evilmike_swamp_ruin_house_6,
          infiniplex_staircase_pool
Swamp:4:  byrel_swamp_growth_death_and_undeath, layout_basic_swamp,
          ebering_ghost_reflecting_pool
Snake:1:  layout_misc_corridors, serial_shops, nicolae_shop_stone,
          nicolae_shop_firing_range, minmay_shoptagon, grunt_megastairs_4,
          uniq_agnes, uniq_asterion, uniq_aizul, uniq_rupert
Snake:2:  layout_onion, gammafunk_ghost_berserking_beasts,
          serial_nicolae_subway, nicolae_sub_station_crystal,
          nicolae_sub_station_metal, nicolae_sub_station_stone
Snake:3:  layout_misc_corridors
Snake:4:  minmay_snake_end_coiled, layout_cave_town, basic_altar
Orc:1:    lemuel_ogre_cave, layout_caves, gammafunk_ghost_grave,
          regret_index_minedec_devilstone
Orc:2:    st_orc_open, layout_caves, guppyfry_orc_lava_fort, uniq_nessos
Elf:1:    eino_elf_arrival_sip, layout_geoelf_octagon, serial_shops,
          nicolae_shop_tiny_glass, shop, nicolae_shop_advertising_works
          [nicolae_subvault_shop_adworks], shop, shop, evilmike_minifort
Elf:2:    nicolae_elf_blades_splatter_lattice
          [nicolae_blade_entry_splitting_headache], layout_gridlike
Elf:3:    minmay_elf_hall, layout_gridlike, ebering_ghost_gozag, uniq_saint_roka
Vaults:1: grunt_vaults_trifunnel, nicolae_vaults_network_barrier,
          vaults_room_corners, v_pattern_2, nicolae_vaults_quartermaster,
          nicolae_vaults_angled_halls, layout_vaults_omnigrid, uniq_boris
Vaults:2: vaults_mumra_chevron_long, vaults_standard_mumra_lines,
          minmay_crypt_entry_nasty_monster, nicolae_vaults_trapezoid_4,
          nicolae_vaults_what_the_h, nicolae_vaults_heart-shaped_vault,
          v_misc_29, nicolae_vaults_closet_pinwheel_4, v_misc_26,
          nicolae_vaults_asterisk, ontoclasm_vaults_ring_small,
          layout_vaults_big_cross
Vaults:3: nicolae_vaults_trapezoid_lopsided_2,
          nicolae_vaults_heart-shaped_vault, vaults_room_hallway, v_misc_3,
          not_door_vault_due, nicolae_vaults_variable_pillar_hall_cross,
          vaults_dpeg_spiral, nicolae_vaults_heart-shaped_vault,
          grunt_vaults_diagonal, vaults_dpeg_cross,
          nicolae_vaults_network_quincunx
          [nicolae_vaults_network_quincunx_subvault,
          nicolae_vaults_network_quincunx_subvault,
          nicolae_vaults_network_quincunx_subvault,
          nicolae_vaults_network_quincunx_subvault,
          nicolae_vaults_network_quincunx_subvault], v_pattern_3,
          layout_vaults_maze
Vaults:4: ontoclasm_vaults_spin, vaults_room_hangedman_quadrants, serial_ice_h,
          hangedman_vaults_pinch, vaults_room_corners, vaults_mumra_hex,
          vaults_standard_mumra_x, nicolae_vaults_turnstiles, v_misc_17,
          nicolae_vaults_storage_room_glass,
          nicolae_vaults_trapezoid_lopsided_2, v_misc_23, layout_vaults_big_room
Crypt:1:  layout_chaotic_city, basic_altar, nicolae_crypt_ex-fountain
Crypt:2:  layout_gridlike, lemuel_upstairs_altar, grunt_megastairs_3
Crypt:3:  church_of_pain_bobbens, layout_chaotic_city, nzn_life_drinkers
Depths:1: layout_gridlike, lightli_too_deep, bh_walls_and_bars, serial_shops,
          shop, nicolae_shop_gibbet_a_chance, shop, rand_demon_pan_entry_7,
          kennysheep_treasure_room
Depths:2: minmay_nested_s, layout_long_grid, hell_entry, rand_demon_pan_entry_1,
          nicolae_abyss_entry_one_way_or_another,
          nicolae_sif_muna_little_library

Skill      XL: |  1  2  3  4  5  6  7  8  9 10 11 12 13 14 15 16 17 18 19 20 21 22 23 24 |
---------------+-------------------------------------------------------------------------+-----
Long Blades    | 1 3 4 5 7 9 11 11 12 13 14 15 16 17 18 19 20 | 20.0
Fighting       | 1 2 3 4 5 6 8 10 10 11 12 14 15 16 17 18 19 | 19.2
Summonings     | 5 6 7 8 9 9 10 11 13 14 16 17 19 20 21 | 21.4
Dodging        | 3 4 5 7 8 8 10 11 13 14 15 16 17 18 19 | 19.4
Spellcasting   | 3 4 5 5 |  5.4
Air Magic      | 1 2 3 5 6 6 7 |  7.0
Translocations | 1 0 |  0.0
Stealth        | 1 0 |  0.0
Armour         | 2 5 7 8 9 10 11 12 13 14 | 14.5
Hexes          | 1 |  1.0

Action                     |  1- 3 |  4- 6 |  7- 9 | 10-12 | 13-15 | 16-18 | 19-21 | 22-24 || total
---------------------------+-------+-------+-------+-------+-------+-------+-------+-------++-------
  Melee: Unarmed           |     9 |       |       |       |    10 |       |       |       ||    19
         Peck              |    10 |    23 |    38 |    78 |   254 |   215 |   337 |   389 ||  1344
         Kick              |    11 |    49 |    53 |   136 |   377 |   368 |   534 |   634 ||  2162
         Short sword       |    46 |   161 |    29 |       |       |       |       |       ||   236
         Punch             |       |     3 |     4 |     6 |    18 |       |       |       ||    31
         Falchion          |       |       |    13 |       |       |       |       |       ||    13
         Rapier            |       |       |   133 |   244 |       |       |       |       ||   377
         Scimitar          |       |       |       |    98 |   819 |    67 |    11 |       ||   995
         Great sword       |       |       |       |       |       |   759 |  1239 |  1160 ||  3158
  Throw: Dart              |       |       |     1 |     5 |     3 |       |     1 |       ||    10
   Cast: Summon Small Mamm |    13 |       |     3 |       |       |       |       |       ||    16
         Call Imp          |     5 |     6 |    17 |     3 |     7 |       |       |       ||    38
         Call Canine Famil |       |     3 |    15 |     7 |    15 |     9 |     3 |       ||    52
         Apportation       |       |       |     2 |       |       |       |       |       ||     2
         Summon Lightning  |       |       |     6 |    66 |   155 |    80 |    37 |     4 ||   348
         Swiftness         |       |       |       |       |     2 |       |       |       ||     2
         Summon Cactus Gia |       |       |       |       |       |    10 |    81 |    10 ||   101
         Summon Mana Viper |       |       |       |       |       |       |    14 |    10 ||    24
         Monstrous Menager |       |       |       |       |       |       |    42 |    69 ||   111
         Summon Horrible T |       |       |       |       |       |       |       |     4 ||     4
 Invoke: Sacrifice Arcana  |       |       |       |     1 |       |       |       |       ||     1
         Sacrifice Skill   |       |       |       |     1 |       |       |       |       ||     1
         Sacrifice Words   |       |       |       |       |     1 |       |       |       ||     1
         Sacrifice Stealth |       |       |       |       |     1 |       |       |       ||     1
         Sacrifice Purity  |       |       |       |       |     1 |       |       |       ||     1
         Sacrifice Forms   |       |       |       |       |     1 |       |       |       ||     1
         Reject Sacrifices |       |       |       |       |       |     2 |     1 |     1 ||     4
         Apocalypse        |       |       |       |       |       |     2 |     1 |       ||     3
         Draw Out Power    |       |       |       |       |       |       |     2 |     1 ||     3
  Evoke: Wand              |       |       |     1 |       |     6 |     3 |       |       ||    10
         Sack of spiders   |       |       |       |       |     1 |       |       |       ||     1
    Use: Scroll            |       |     3 |     4 |     4 |    12 |    15 |     7 |       ||    45
         Potion            |       |       |     1 |       |     1 |     6 |     5 |     1 ||    14
   Stab: Sleeping          |     2 |     2 |     3 |     3 |     1 |       |       |       ||    11
         Distracted        |       |       |     6 |     7 |    39 |    13 |    39 |    23 ||   127
         Paralysed         |       |       |     2 |       |     3 |    16 |     5 |     4 ||    30
         Petrified         |       |       |       |     3 |       |       |       |       ||     3
         Invisible         |       |       |       |       |     5 |     9 |     8 |    14 ||    36
         Betrayed ally     |       |       |       |       |       |     1 |       |       ||     1
 Armour: Robe              |     9 |       |       |       |       |       |       |       ||     9
         Leather armour    |     8 |    52 |    97 |    25 |       |       |       |       ||   182
         Skin              |       |       |    37 |     2 |     3 |       |       |       ||    42
         Steam dragon scal |       |       |       |    55 |       |       |       |       ||    55
         Troll leather arm |       |       |       |    56 |    81 |    36 |       |       ||   173
         Swamp dragon scal |       |       |       |       |   323 |   132 |       |       ||   455
         Scale mail        |       |       |       |       |       |   120 |   202 |       ||   322
         Ring mail         |       |       |       |       |       |   169 |   317 |   382 ||   868
  Dodge: Dodged            |    36 |    93 |   251 |   337 |   800 |   966 |  1168 |  1083 ||  4734
  Block: Buckler           |       |       |       |       |    49 |    16 |       |       ||    65
